 Dungeon Crawl Stone Soup version 0.16-a0-2710-g8b41a68 (webtiles) character file.

119 Kemay the Insei (level 4, -9/34 HPs)
             Began as a Demonspawn Transmuter on Nov 26, 2014.
             Mangled by an ogre
             ... wielding a +0 giant club
              (19 damage)
             ... on level 3 of the Dungeon.
             The game lasted 00:09:14 (2720 turns).

Kemay the Insei (Demonspawn Transmuter)             Turns: 2720, Time: 00:09:15

Health: -9/34      AC:  4    Str: 10    XL:     4   Next: 74%
Magic:  7/7        EV: 12    Int: 14    God:
Gold:   91         SH:  0    Dex: 17    Spells: 1 memorised, 6 levels left

rFire  + . .     SeeInvis .       - Unarmed
rCold  + . .     Clarity  .     c - +1 robe
rNeg   . . .     SustAb   .     (no shield)
rPois  +         Gourm    .     (helmet restricted)
rElec  .         Spirit   .     (no cloak)
rCorr  .         Warding  .     j - +0 pair of gloves
rMut   .         Stasis   .     (no boots)
MR     .....                    (no amulet)
Stlth  ++........               (no ring)
                                h - ring of protection from fire

@: appendage (expiring), not resistant to hostile enchantments, unstealthy
A: horns 2, agile 1, cold resistance 1, poison resistance, rot immunity
a: End Transformation


You were on level 3 of the Dungeon.
You were not hungry.
You had grown temporary horns.
You visited 1 branch of the dungeon, and saw 3 of its levels.

You collected 91 gold pieces.

Inventory:

Missiles
 b - 12 arrows
Armour
 c - a +1 robe (worn)
 j - a +0 pair of gloves (worn)
Jewellery
 h - a ring of protection from fire (left hand)
Scrolls
 e - a scroll of noise {unknown}
 g - 2 scrolls of identify
 m - a scroll of remove curse
Books
 d - a book of Changes

   Spells                             Type                      Level
   *Beastly Appendage                 Transmutation                1
   Sticks to Snakes                   Transmutation                2
   Spider Form                        Transmutation/Poison         3
   Ice Form                           Ice/Transmutation            4
   Blade Hands                        Transmutation                5
 n - a book of the Tempests

   Spells                             Type                      Level
   Static Discharge                   Conjuration/Air              3
   Lightning Bolt                     Conjuration/Air              5
   Fireball                           Conjuration/Fire             5
   Tornado                            Air                          9
   Shatter                            Earth                        9
Comestibles
 a - 2 bread rations
 f - a royal jelly
 i - 2 chunks of flesh
 k - 2 meat rations


   Skills:
 + Level 2.6 Fighting
 - Level 1.7 Dodging
 * Level 4.4 Unarmed Combat
 - Level 2.0 Spellcasting
 - Level 1.7 Transmutations


You had 6 spell levels left.
You knew the following spells:

 Your Spells              Type           Power        Failure   Level  Hunger
a - Beastly Appendage     Trmt           #.....       14%         1    ##.....


Dungeon Overview and Level Annotations

Branches:
Dungeon (3/15)

Altars:
Gozag


Innate Abilities, Weirdness & Mutations

Your flesh is cold resistant.
You are immune to rotting.
You have a pair of horns on your head.
You are agile. (Dex +2)
Your system is resistant to poisons.


Message History

You completely miss the goblin.
Your transformation is almost over.
The goblin unwields an uncursed hunting sling.
The goblin wields an uncursed club.
The goblin closely misses you.
You hit the goblin.
You kill the goblin!
The goblin unwields an uncursed club.
The goblin wields a hunting sling.
The goblin shoots a stone.
The stone hits you but does no damage.
You hit the ogre. You headbutt the ogre.
The ogre is heavily wounded.
The ogre hits you with a giant club!!
Ouch! That really hurt!
* * * LOW HITPOINT WARNING * * *
You completely miss the ogre.
The ogre is heavily wounded.
You hit the ogre. You headbutt the ogre.
The ogre is severely wounded.
The ogre hits you with a giant club!!
Ouch! That really hurt!
You die...

.... ###
#....##.... .###
########..........
.##
##.........######.#
...> ...........#
..# #.........# .#
#.........# #
#........## .
#.......g####
#.......gO@.#
#####...###..#
#%..#..## #....
#..g').## ##.(..
#..g#...# ...
#####...# .
#.......#
#..#.....##
#..#...##


You could see an ogre and 2 goblins.

Vanquished Creatures
  6 adders
  2 worms (D:3)
  2 giant geckos
  An orc (D:3)
  11 goblins
  4 hobgoblins
  2 quokkas
  9 bats
  8 giant newts
  7 kobolds
  6 rats
58 creatures vanquished.

Notes
Turn   | Place    | Note
--------------------------------------------------------------
     0 | D:1      | Kemay, the Demonspawn Transmuter, began the quest for the Orb.
     0 | D:1      | Reached XP level 1. HP: 15/15 MP: 3/3
   389 | D:1      | Reached skill level 3 in Unarmed Combat
   615 | D:1      | Gained mutation: You are immune to rotting. [demonic ancestry]
   615 | D:1      | Reached XP level 2. HP: 18/21 MP: 4/4
  1548 | D:2      | Reached XP level 3. HP: 24/26 MP: 6/6
  1559 | D:2      | Gained mutation: Your system is resistant to poisons. [potion of mutation]
  1559 | D:2      | Gained mutation: You are agile. (Dex +2) [potion of mutation]
  1731 | D:2      | HP: 1/27 [poisoned by an adder]
  2105 | D:2      | Reached skill level 4 in Unarmed Combat
  2116 | D:2      | Gained mutation: Your flesh is cold resistant. [demonic ancestry]
  2116 | D:2      | Reached XP level 4. HP: 17/33 MP: 7/7
  2364 | D:3      | Found an opulent altar of Gozag.
  2693 | D:3      | Noticed an ogre
  2720 | D:3      | Mangled by an ogre

Action                   |  1- 3 |  4- 6 || total
-------------------------+-------+-------++-------
Melee: Unarmed           |   156 |    78 ||   234
 Cast: Beastly Appendage |     1 |     4 ||     5
  Use: Potion            |     6 |       ||     6
       Scroll            |     4 |       ||     4
 Stab: Sleeping          |     1 |       ||     1
  Eat: Chunk             |     4 |     2 ||     6
